AoeStats
← JGwentworth92

Arena

509622327Analyzed
2v2 RM · 6d ago on Sep 27, 2026· 73m 38s· 4 players
Game mode
Random Map
Map size
Medium (4 player)
Population
200
Speed
Normal
Resources
Standard
Victory
Conquest
Starting age
Dark Age
Ending age
Imperial Age
RankedLock teamsTeams togetherTeam positionsShared explorationLock speedFull tech treeHidden civsTurbo modeCheats
Victory
Defeat
🇩🇪 Persians · Germany
922
+16
🇹🇷 Spanish · Türkiye
898
+17
🇺🇸 Byzantines · United States
941
-18
🇬🇧 Sicilians · United Kingdom
886
-15
Beltscharzar
13:16 Feudal Age
18:41 Castle Age
16:51 Double-Bit Axe
16:48 Horse Collar
19:17 Bow Saw
19:09 Heavy Plow
21:27 Wheelbarrow
20:39 Loom
21:25 Forging
21:20 Scale Barding Armor
24:05 Bloodlines
25:54 Husbandry
29:29 Hand Cart
29:00 Town Watch
29:26 Gold Mining
29:26 Stone Mining
29:32 Stone Mining
32:13 Kamandaran
33:07 Town Patrol
34:52 Iron Casting
34:37 Chain Barding Armor
34:08 Fletching
34:18 Padded Archer Armor
35:12 Fletching
35:22 Padded Archer Armor
38:17 Imperial Age
35:47 Crossbowman
36:33 Thumb Ring
36:29 Bodkin Arrow
36:49 Leather Archer Armor
36:41 Scale Mail Armor
36:08 Pikeman
36:48 Squires
37:55 Chain Mail Armor
37:31 Light Cavalry
37:58 Cavalier
37:59 Heavy Camel Rider
39:46 Savar
45:15 Blast Furnace
44:51 Plate Barding Armor
44:47 Ring Archer Armor
44:54 Ring Archer Armor
44:55 Plate Mail Armor
46:57 Ballistics
47:40 Chemistry
eerc
10:13 Feudal Age
14:33 Castle Age
13:24 Double-Bit Axe
14:19 Stone Mining
26:58 Fletching
27:08 Padded Archer Armor
31:45 Bodkin Arrow
33:20 Bow Saw
32:53 Horse Collar
34:43 Wheelbarrow
36:54 Gold Mining
37:40 Stone Shaft Mining
43:00 Imperial Age
43:52 Ballistics
44:47 Chemistry
44:05 Hand Cart
45:31 Two-Man Saw
44:35 Heavy Plow
45:52 Bracer
46:13 Leather Archer Armor
45:26 Elite Skirmisher
46:18 Cavalier
46:58 Husbandry
47:08 Scale Barding Armor
47:14 Forging
47:29 Bloodlines
48:44 Loom
48:45 Town Watch
49:37 Ring Archer Armor
49:28 Chain Barding Armor
52:53 Iron Casting
52:53 Plate Barding Armor
52:04 Paladin
59:57 Light Cavalry
61:41 Blast Furnace
60:41 Scale Mail Armor
66:50 Caravan
68:03 Chain Mail Armor
73:13 Guilds
christofolof
3:01 Loom
11:44 Feudal Age
13:05 Wheelbarrow
18:11 Castle Age
17:55 Double-Bit Axe
19:42 Fletching
31:43 Bow Saw
33:00 Hand Cart
36:17 Imperial Age
34:31 Bodkin Arrow
38:03 Bracer
38:51 Squires
38:36 Gambesons
38:22 Pikeman
39:20 Scale Mail Armor
39:21 Padded Archer Armor
39:27 Squires
40:49 Chain Mail Armor
41:06 Conscription
41:58 Forging
42:29 Hand Cart
44:38 Plate Mail Armor
44:24 Leather Archer Armor
47:28 Halberdier
48:02 Man-at-Arms
48:28 Gambesons
49:22 Iron Casting
49:03 Leather Archer Armor
48:49 Long Swordsman
50:14 Two-Handed Swordsman
52:11 Elite Skirmisher
52:14 Cranequins
53:55 Arson
57:39 Champion
59:27 First Crusade
59:25 Heavy Mounted Crossbowman
61:38 Blast Furnace
63:22 Scale Barding Armor
64:03 First Crusade
64:36 Husbandry
66:00 Bloodlines
69:07 Caravan
74:14 Chemistry
JGwentworth92
12:21 Feudal Age
16:56 Castle Age
15:07 Stone Mining
15:29 Fletching
16:23 Wheelbarrow
15:34 Loom
16:27 Wheelbarrow
15:44 Double-Bit Axe
15:43 Horse Collar
18:03 Bodkin Arrow
18:09 Padded Archer Armor
20:35 Elite Skirmisher
23:27 Hand Cart
24:33 Ballistics
33:21 Scale Barding Armor
43:29 Imperial Age
40:23 Pikeman
41:04 Squires
43:39 Halberdier
46:30 Fortified Wall
48:10 Chemistry
48:15 Scale Mail Armor
48:33 Forging
48:38 Bracer
Connection lost

Rejoining the realm…

Still unreachable

The connection could not be restored.

Session expired

The server has moved on; the page needs a fresh start.